 Dungeon Crawl Stone Soup version 0.19-a0-36-g4a0968a (webtiles) character file.

88 moxian the Charmwright (level 4, -2/34 HPs)
             Began as a Merfolk Skald on May 4, 2016.
             Slain by a gnoll
             ... wielding a +0 club
              (7 damage)
             ... on level 2 of the Dungeon.
             The game lasted 00:05:16 (869 turns).

moxian the Charmwright (Merfolk Skald)               Turns: 869, Time: 00:05:18

Health: -2/34      AC:  4    Str: 12    XL:     4   Next: 54%
Magic:  2/7        EV: 12    Int: 11    God:
Gold:   118        SH:  5    Dex: 14    Spells: 2 memorised, 5 levels left

rFire  . . .     SeeInvis .     b - +0 spear
rCold  . . .     Gourm    .     l - +0 leather armour (curse)
rNeg   . . .     Faith    .     (no shield)
rPois  .         Spirit   .     v - +0 helmet
rElec  .         Dismiss  .     (no cloak)
rCorr  .         Reflect  +     (no gloves)
SustAt .         Harm     .     (no boots)
MR     .....                    h - +5 amulet of reflection
Stlth  +.........               (no ring)
                                (no ring)

@: not resistant to hostile enchantments, very unstealthy
A: change form in water, swift swim
a: no special abilities


You were on level 2 of the Dungeon.
You were not hungry.

You visited 1 branch of the dungeon, and saw 2 of its levels.

You collected 118 gold pieces.

Inventory:

Hand Weapons
 a - a +2 hand axe of electrocution
 b - a +0 spear (weapon)
Missiles
 n - a throwing net (quivered)
 o - 34 poisoned needles
Armour
 l - a cursed +0 leather armour (worn)
 v - a +0 helmet (worn)
Jewellery
 h - a +5 amulet of reflection (around neck)
Scrolls
 e - 2 scrolls of identify {unknown}
 m - 2 scrolls of enchant armour {unknown}
 p - a scroll of magic mapping {unknown}
 q - a scroll of enchant weapon {unknown}
Potions
 g - a potion of cure mutation {unknown}
 i - a potion of agility {unknown}
 j - a potion of brilliance {unknown}
 k - 2 potions of curing {unknown}
 r - a potion of might {unknown}
 s - a potion of flight {unknown}
 t - a potion of resistance {unknown}
Books
 c - a book of Battle

   Spells                             Type                      Level
   a - Infusion                       Charms                       1
   b - Shroud of Golubria             Charms/Translocation         2
   c - Song of Slaying                Charms                       2
   d - Spectral Weapon                Hexes/Charms                 3
   e - Regeneration                   Charms/Necromancy            3
 w - a book of the Sky

   Spells                             Type                      Level
   a - Summon Lightning Spire         Summoning/Air                4
   b - Airstrike                      Air                          4
   c - Silence                        Hexes/Air                    5
   d - Deflect Missiles               Charms/Air                   6
   e - Conjure Ball Lightning         Conjuration/Air              6
   f - Tornado                        Air                          9
Comestibles
 d - 3 bread rations
 f - a meat ration
 u - a chunk of flesh


   Skills:
 + Level 2.8 Fighting
 + Level 4.0 Polearms
 - Level 0.6 Armour
 + Level 2.2 Dodging
 + Level 2.5 Spellcasting
 + Level 4.2 Charms


You had 5 spell levels left.
You knew the following spells:

 Your Spells              Type           Power        Failure   Level  Hunger
A - Infusion              Chrm           ##..         10%         1    ##.....
B - Shroud of Golubria    Chrm/Tloc      #.........   24%         2    ###....


Dungeon Overview and Level Annotations

Branches:
Dungeon (2/15)

Altars:


Message History

You hit the gnoll.
The gnoll is severely wounded.
The gnoll barely misses you.
Attack whom?
Press: ? - help, Dir - move target cursor, f/p - gnoll
Aim: a gnoll, wielding a club (severely wounded)
You closely miss the gnoll.
The gnoll is severely wounded.
The gnoll hits you with a club.
* * * LOW HITPOINT WARNING * * *
Attack whom?
Press: ? - help, Dir - move target cursor, f/p - gnoll
Aim: a gnoll, wielding a club (severely wounded)
You hit the gnoll but do no damage.
The gnoll is severely wounded.
The gnoll hits you with a club.
* * * LOW HITPOINT WARNING * * *
You are no longer magically infusing your attacks.
The gnoll hits you with a club!
You die...

...'......#...##..###.#(#
####......#..............
..........###.#.#.#####.#
.....####.###.#.#........
.....# #.....#.#...####.
.....# ##....(..+...#
.....# #...####.#...#
.....# #..#####g#...#
.....# #.###....@...#
.....###.#########'##
..#.......##### #)#
..#.####......# #.. ..#.#
#..##### .... ###.#
#..#######.... #.#
#.............. #.#
#.########..### #.# #.#


You could see a gnoll.

Vanquished Creatures
  3 gnolls (D:2)
  2 adders (D:2)
  A worm (D:2)
  A dart slug (D:1)
  A giant gecko (D:1)
  2 ball pythons (D:1)
  3 bats (D:1)
  2 giant cockroaches (D:1)
  7 goblins
  3 hobgoblins
  2 giant newts (D:1)
  7 kobolds
  4 rats
38 creatures vanquished.

Notes
Turn   | Place    | Note
--------------------------------------------------------------
     0 | D:1      | moxian the Merfolk Skald began the quest for the Orb.
     0 | D:1      | Reached XP level 1. HP: 16/16 MP: 3/3
     1 | D:1      | Noticed an electric eel
    66 | D:1      | Reached XP level 2. HP: 18/22 MP: 1/5
   239 | D:1      | Reached XP level 3. HP: 19/28 MP: 6/6
   759 | D:2      | Learned a level 2 spell: Shroud of Golubria
   810 | D:2      | Reached XP level 4. HP: 29/34 MP: 7/7
   869 | D:2      | Slain by a gnoll

Vault maps used:
D:1:      arrival_aquarium_a

Skill      XL: |  1  2  3  4 |
---------------+-------------+-----
Dodging        | 2 |  2.2
Charms         | 4 |  4.2
Polearms       | 4 |  4.0
Fighting       | |  2.8
Armour         | |  0.6
Spellcasting   | |  2.5

Action                   |  1- 3 |  4- 6 || total
-------------------------+-------+-------++-------
Melee: Spear             |    92 |    19 ||   111
       Hand axe          |    24 |       ||    24
 Cast: Infusion          |     5 |     1 ||     6
 Stab: Sleeping          |     1 |       ||     1
Armor: Leather armour    |    19 |     1 ||    20
Dodge: Dodged            |    53 |     4 ||    57
Block: Other             |    12 |     5 ||    17
       Reflection        |     1 |       ||     1
